 Dungeon Crawl Stone Soup version 0.19-a0-1189-g9dc3488 (webtiles) character file.

870 Kugarra the Jinx (level 7, -25/32 HPs)
             Began as a Spriggan Enchanter on Aug 19, 2016.
             Annihilated by an ogre
             ... wielding a +0 giant spiked club
              (32 damage)
             ... on level 5 of the Dungeon.
             The game lasted 00:29:59 (5257 turns).

Kugarra the Jinx (Spriggan Enchanter)               Turns: 5257, Time: 00:30:00

Health: -25/32     AC:  4    Str:  4    XL:     7   Next: 73%
Magic:  11/17      EV: 18    Int: 17    God:
Gold:   252        SH:  0    Dex: 18    Spells: 3 memorised, 12 levels left

rFire  . . .     SeeInvis +     a - +1 dagger
rCold  . . .     Gourm    .     b - +2 robe
rNeg   . . .     Faith    .     (shield restricted)
rPois  .         Spirit   .     (helmet restricted)
rElec  .         Dismiss  .     (no cloak)
rCorr  .         Reflect  .     (gloves unavailable)
MR     +....     Harm     .     (boots unavailable)
Stlth  +++.......               (no amulet)
                                (no ring)
                                m - ring of flight

@: very quick
A: unfitting armour, hooves 1, see invisible, herbivore 3, speed 3, slow
metabolism 2
a: Evoke Flight


You were on level 5 of the Dungeon.
You were very hungry.

You visited 2 branches of the dungeon, and saw 6 of its levels.
You also visited: Sewer.

You collected 252 gold pieces.

Inventory:

Hand Weapons
 a - a +1 dagger (weapon)
 B - a +0 vampiric short sword
Armour
 b - a +2 robe (worn)
Jewellery
 l - an uncursed amulet of harm
 m - a ring of flight (left hand)
Wands
 t - a wand of confusion (18/48)
Scrolls
 d - 3 scrolls of amnesia
 g - 7 scrolls of identify
 k - 2 scrolls of teleportation
 q - a scroll of remove curse
 r - a scroll of fear {unknown}
 u - a scroll of enchant weapon {unknown}
 v - a scroll of blinking {unknown}
 x - a scroll of recharging
 y - a scroll of noise {unknown}
Potions
 e - a potion of flight
 f - a potion of cure mutation {unknown}
 h - a potion of haste {unknown}
 i - a potion of degeneration {unknown}
 j - a potion of might {unknown}
 n - a potion of mutation
 p - a potion of resistance
 s - a potion of agility
 z - a potion of curing
 A - 2 potions of ambrosia {unknown}
Books
 c - a book of Maledictions

   Spells                             Type                      Level
   a - Corona                         Hexes                        1
   b - Ensorcelled Hibernation        Hexes/Ice                    2
   c - Confuse                        Hexes                        3
   d - Tukima's Dance                 Hexes                        3
   e - Dazzling Spray                 Conjuration/Hexes            3
 o - a book of Misfortune

   Spells                             Type                      Level
   a - Confusing Touch                Hexes                        1
   b - Confuse                        Hexes                        3
   c - Gell's Gravitas                Hexes/Translocation          3
   d - Petrify                        Transmutation/Earth          4
   e - Metabolic Englaciation         Hexes/Ice                    5
   f - Yara's Violent Unravelling     Hexes/Transmutation          5
 w - a book of Maledictions

   Spells                             Type                      Level
   a - Corona                         Hexes                        1
   b - Ensorcelled Hibernation        Hexes/Ice                    2
   c - Confuse                        Hexes                        3
   d - Tukima's Dance                 Hexes                        3
   e - Dazzling Spray                 Conjuration/Hexes            3


   Skills:
 - Level 4.0 Short Blades
 - Level 3.0 Dodging
 - Level 4.4 Stealth
 + Level 6.0 Spellcasting
 - Level 8.2 Hexes
 * Level 1.7 Ice Magic


You had 12 spell levels left.
You knew the following spells:

 Your Spells              Type           Power        Failure   Level  Hunger
a - Corona                Hex            ####...      1%          1    None
b - Ensorcelled Hibernat  Hex/Ice        ###...       2%          2    None
c - Confuse               Hex            ####....     1%          3    ##.....


Dungeon Overview and Level Annotations

Branches:
Dungeon (5/15)             Temple (1/1) D:4

Altars:
Ashenzari
Cheibriados
Elyvilon
Fedhas
Gozag
Hepliaklqana
Kikubaaqudgha
Makhleb
Nemelex Xobeh
Qazlal
Ru
Sif Muna
Trog
Vehumet
Xom
Zin
The Shining One

Shops:
D:4 (


Innate Abilities, Weirdness & Mutations

You are tiny and cannot use many weapons and most armour.
You have supernaturally acute eyesight. (SInv)
You are a herbivore.
You cover ground extremely quickly.
You need consume almost no food.
You have large cloven feet.


Message History

The helpless jackal fails to defend itself.
You impale the jackal!!
You kill the jackal!
Casting: Ensorcelled Hibernation
Confirm with . or Enter, or press ? or * to list all spells.
Aiming: Ensorcelled Hibernation
Press: ? - help, Shift-Dir - straight line, f - jackal
Aim: a jackal (chance to defeat MR: 84%)
The jackal looks drowsy...
The helpless jackal fails to defend itself.
You impale the jackal!!
You kill the jackal!
You see here a jackal corpse.
You see here 11 poisoned needles.
Found a stone staircase leading down.
There is a stone staircase leading down here.
An ogre comes into view. It is wielding a giant spiked club.
The ogre hits you with a giant spiked club!!
Ouch! That really hurt!
You die...

# ### ###.# ....######
.........# ##.#####.# ##.# #.#
##.# #.##########.. .# ##.#
#.#.....O@.#.###.#
##.#####.#.######.#.#.#.#
....#....#........#.#<#.#
#####.####..#####.#.#.#.#
.................>#.#.#.#
##.##.##.#.......##.#.#.#
##.......##.........#...####.#.#
......#.......#.......#......#.
...####.####..#######.#.######.#


You could see an ogre.

Vanquished Creatures
  2 phantoms
  An ogre (D:4)
  2 giant frogs (Sewer)
  A howler monkey (D:4)
  A giant frog skeleton (D:5)
  A hound (D:4)
  A worker ant (D:4)
  3 gnolls (D:3)
  12 adders
  A river rat (D:4)
  9 oozes
  An adder zombie (D:5)
  An adder skeleton (D:4)
  6 worms
  3 dart slugs
  8 giant geckos
  8 orcs (D:3)
  10 ball pythons
  9 bats
  20 giant cockroaches
  A goblin (D:3)
  11 hobgoblins
  11 jackals
  A quokka (D:3)
  13 giant newts
  5 kobolds
  A quokka skeleton (D:4)
  5 rats
148 creatures vanquished.

Notes
Turn   | Place    | Note
-------+----------+-------------------------------------------
     0 | D:1      | Kugarra the Spriggan Enchanter began the quest for the Orb.
     0 | D:1      | Reached XP level 1. HP: 9/9 MP: 5/5
   160 | D:1      | Reached XP level 2. HP: 1/13 MP: 3/6
   215 | D:1      | Learned a level 2 spell: Ensorcelled Hibernation
   777 | D:1      | Reached XP level 3. HP: 16/16 MP: 5/8
   856 | D:1      | Learned a level 3 spell: Confuse
  1225 | D:2      | Found a deep blue altar of Sif Muna.
  1225 | D:2      | Found an opulent altar of Gozag.
  1476 | D:2      | Reached XP level 4. HP: 21/21 MP: 6/9
  1480 | D:2      | Reached skill level 4 in Hexes
  1929 | D:3      | Found a sacrificial altar of Ru.
  2147 | D:3      | Found a glowing silver altar of Zin.
  3136 | D:3      | Reached XP level 5. HP: 24/24 MP: 11/11
  3215 | D:3      | Reached skill level 5 in Hexes
  3459 | D:4      | Found a staircase to the Ecumenical Temple.
  3494 | D:4      | Found Jymmazem's Weapon Shop.
  3498 | D:4      | Noticed a phantom
  3525 | D:4      | Killed a phantom
  3525 | D:4      | Reached skill level 6 in Hexes
  3525 | D:4      | Reached XP level 6. HP: 22/28 MP: 2/13
  3703 | D:4      | Found a glowing drain.
  3707 | Sewer    | Entered a sewer
  3761 | Sewer    | Gained mutation: Your flesh is heat resistant. (rF+) [potion of mutation]
  3761 | Sewer    | Gained mutation: You have large cloven feet. [potion of mutation]
  3761 | Sewer    | Lost mutation: Your flesh is heat resistant. (rF+) [potion of mutation]
  4260 | Sewer    | Reached skill level 7 in Hexes
  4465 | Sewer    | Reached skill level 5 in Spellcasting
  4530 | Sewer    | Reached XP level 7. HP: 23/32 MP: 10/15
  4885 | D:4      | Reached skill level 8 in Hexes
  4948 | Temple   | Entered the Ecumenical Temple
  5068 | D:5      | Entered Level 5 of the Dungeon
  5191 | D:5      | Reached skill level 1 in Ice Magic
  5257 | D:5      | Annihilated by an ogre

Vault maps used:
D:1:      ncdulo_smallfort
D:2:      gammafunk_temple_overflow_pools, serial_bayou, serial_bayou_pond_a,
          serial_bayou_pond_e, serial_bayou_lagoon_a, serial_bayou_pond_d,
          kennysheep_another_room
D:3:      nicolae_overflow_crystal_walls, nicolae_ru_awakened_eye
D:4:      serial_shops, shop, gup_sewer_entry_spiral
D:5:      okawaru_altar_gauntlet_db, first_bread,
          nicolae_dithmenos_the_darkroom, uniq_prince_ribbit1
Temple:   dshaligram_water_room_temple
Sewer:    sewer_frog_island_02

Skill      XL: |  1  2  3  4  5  6  7 |
---------------+----------------------+-----
Short Blades   | 2 3 4 |  4.0
Hexes          | 4 6 7 8 |  8.2
Spellcasting   | 3 4 5 6 |  6.0
Ice Magic      | 1 |  1.7
Dodging        | |  3.0
Stealth        | |  4.4

Action                   |  1- 3 |  4- 6 |  7- 9 || total
-------------------------+-------+-------+-------++-------
Melee: Dagger            |   104 |   447 |    52 ||   603
       Kick              |       |    43 |    10 ||    53
 Cast: Corona            |     5 |       |       ||     5
       Ensorcelled Hiber |    13 |    66 |    16 ||    95
       Confuse           |       |     9 |     1 ||    10
  Use: Scroll            |     8 |     1 |     1 ||    10
       Potion            |       |     4 |       ||     4
 Stab: Sleeping          |    24 |    46 |    15 ||    85
       Confused          |       |     7 |     2 ||     9
       Distracted        |       |     2 |       ||     2
  Eat: Bread ration      |       |     1 |       ||     1
Armor: Robe              |    20 |    52 |     8 ||    80
Dodge: Dodged            |    90 |   319 |    84 ||   493
